Map: Cyber Forest LE

Players

PeLLy

  • Race: Zerg Zerg
  • League: Diamond
  • Spawn Location: 11:00

jack - Winner!

  • Race: Protoss Protoss
  • League: Diamond
  • Spawn Location: 5:00

VOD

Have the link to the VOD?

Description

Time

  • Played on: Aug. 12, 2019, 3:12 p.m.
  • Length: 6:46
Show
View Real Time Build Order
Export as new Build Order

PeLLy Zerg 

Build Orders: Hatch First 

Get SALT Encoding   

  12  0:00  Drone  
  13  0:13  Overlord  
  13  0:21  Drone  
  14  0:31  Drone x2  
  16  0:52  Hatchery  
  15  1:00  Drone  
  15  1:01  Drone  
  15  1:04  Drone  
  18  1:17  Spawning Pool  
  17  1:20  Drone  
  18  1:46  Drone x2  
  20  1:52  Drone  
  21  2:01  Drone  
  22  2:02  Hatchery  
  22  2:05  Queen  
  23  2:13  Queen  
  25  2:21  Drone x3  
  28  2:26  Overlord  
  28  2:41  Overlord x3  
  28  2:48  Queen  
  30  3:02  Drone x5  
  35  3:14  Zergling x2  
  35  3:15  Zergling x6  
  35  3:18  Zergling x2  
  40  3:22  Zergling x2  
  41  3:28  Extractor  
  41  3:31  Extractor  
  39  3:37  Drone x2  
  39  3:39  Drone  
  42  3:48  Drone x2  
  42  3:53  Drone x4  
  48  4:18  Drone x8  
  48  4:23  Drone  
  57  4:36  Drone  
  58  4:38  Overlord x2  
  58  4:46  Roach Warren  
  58  4:49  Evolution Chamber  
  58  4:51  Evolution Chamber  
  55  4:57  Overlord x2  
  55  5:09  Drone  
  55  5:10  Drone x8  
  64  5:18  Spine Crawler  
  64  5:19  Spine Crawler  
  64  5:20  Drone  
  64  5:21  Extractor  
  62  5:22  Drone x4, Extractor  
  65  5:40  Zergling x6  
  68  5:51  Zergling x6  
  68  5:52  Zergling x4  
  70  6:01  Zergling x8  
  55  6:12  Zergling x6  
  54  6:21  Zergling x12  
  54  6:22  Hatchery  
Show
View Real Time Build Order
Export as new Build Order

jack Protoss - Winner!

Build Orders: 1 Gate Expand, Mass Adepts 

Get SALT Encoding   

  12  0:10  Probe  
  13  0:19  Pylon  
  13  0:22  Probe  
  14  0:34  Probe  
  15  0:39  Gateway  
  15  0:46  Probe  
  15  0:49  Assimilator  
  16  0:58  Probe  
  17  1:10  Probe  
  18  1:30  Nexus  
  18  1:35  Cybernetics Core  
  18  1:38  Probe  
  19  1:43  Assimilator  
  19  1:50  Probe  
  20  1:58  Pylon  
  20  2:02  Probe  
  20  2:03  Warp Gate  
  21  2:19  Stalker  
  21  2:22  Gateway  
  21  2:26  Gateway  
  23  2:35  Probe  
  24  2:47  Adept, Probe  
  27  2:56  Probe  
  28  2:59  Probe  
  29  3:08  Probe  
  29  3:12  Twilight Council  
  30  3:17  Probe  
  31  3:21  Probe  
  31  3:24  Shield Battery  
  32  3:28  Adept x2  
  32  3:29  Resonating Glaives  
  32  3:32  Adept  
  38  3:36  Probe  
  38  3:38  Probe  
  40  3:56  Probe x2  
  40  4:01  Pylon  
  42  4:07  Adept x2  
  45  4:20  Adept  
  47  4:29  Adept x2  
  47  4:30  Pylon  
  51  4:34  Probe x2  
  53  4:47  Gateway  
  53  4:51  Adept  
  53  4:52  Adept  
  57  4:56  Adept  
  57  4:59  Pylon  
  58  5:13  Adept  
  60  5:14  Adept  
  62  5:27  Templar Archives  
  62  5:29  Pylon  
  62  5:33  Pylon  
  62  5:47  Probe x2  
  62  5:48  Zealot x3  
  66  6:25  Zealot x4  
  72  6:27  Probe x2  
Tags
 
Add a new tag
Caveats
  • Supply blocks, unpowered buildings, or Contaminate may cause inaccurate times.
  • Supply counts are checked every 10 seconds.